 Dungeon Crawl Stone Soup version 0.21-a0-504-g2eda330 (webtiles) character file.

28 4thArraOfDagon the Firebug (level 3, -3/24 HPs)
             Began as a Barachi Fire Elementalist on Nov 25, 2017.
             Slain by a leopard gecko (5 damage)
             ... on level 2 of the Dungeon.
             The game lasted 00:02:12 (361 turns).

4thArraOfDagon the Firebug (BaFE)                    Turns: 361, Time: 00:02:13

Health: -3/24      AC:  2    Str:  9    XL:     3   Next: 12%
Magic:  0/6        EV:  9    Int: 16    God:
Gold:   39         SH:  0    Dex: 12    Spells: 3/7 levels left

rFire    + . .     SeeInvis .   (no weapon)
rCold    + . .     Gourm    .   (no shield)
rNeg     . . .     Faith    .   a - +0 robe
rPois    +         Spirit   .   (no helmet)
rElec    +         Reflect  .   (no cloak)
rCorr    +         Harm     .   (no gloves)
MR       .....                  (no boots)
Stlth    ++........             (no amulet)
HPRegen  0.08/turn              g - -3 ring of evasion (curse)
MPRegen  0.10/turn              (no ring)

@: resistant, can't hop, slow
A: +LOS, swims, slowness 1, strong legs 1
a: Hop


You were on level 2 of the Dungeon.
You were not hungry.

You visited 1 branch of the dungeon, and saw 2 of its levels.

You collected 39 gold pieces.

Inventory:

Armour
 a - a +0 robe (worn)
Jewellery
 g - a cursed -3 ring of evasion (left hand)
Scrolls
 e - a scroll of identify {unknown}
 f - a scroll of teleportation {unknown}
Books
 b - a book of Flames

   Spells                             Type                      Level
   a - Flame Tongue                   Conjuration/Fire             1
   b - Throw Flame                    Conjuration/Fire             2
   c - Conjure Flame                  Conjuration/Fire             3
   d - Inner Flame                    Hexes/Fire                   3
   e - Sticky Flame                   Conjuration/Fire             4
   f - Fireball                       Conjuration/Fire             5
Comestibles
 c - a bread ration


   Skills:
 - Level 2.1 Dodging
 - Level 1.7 Stealth
 + Level 2.5 Spellcasting
 * Level 2.2 Conjurations
 * Level 3.8 Fire Magic


You had 3 spell levels left.
You knew the following spells:

 Your Spells              Type           Power        Failure   Level  Hunger
a - Flame Tongue          Conj/Fire      ##...        5%          1    #......
b - Conjure Flame         Conj/Fire      ##......     17%         3    ###....


Dungeon Overview and Level Annotations

Branches:
Dungeon (2/15)

Altars:


Innate Abilities, Weirdness & Mutations

Shadows flee at your approach. (+LOS)
You can swim through water.
You cover ground slowly.
You can hop short distances.


Message History

The leopard gecko bites you.
* * * LOW HITPOINT WARNING * * *
You see here a dagger.
It was a potion of resistance.
You feel protected.
The leopard gecko bites you but does no damage.
The leopard gecko completely misses you.
Hop to where?
Press: ? - help, Dir - move target cursor, p - leopard gecko Boing!
Casting: Flame Tongue
Confirm with . or Enter, or press ? or * to list all spells.
Aiming: Flame Tongue
Press: ? - help, Shift-Dir - straight line, f - leopard gecko
Aim: a leopard gecko (clinging)
The flame tongue misses the leopard gecko.
The leopard gecko bites you.
* * * LOW HITPOINT WARNING * * *
The leopard gecko bites you.
You die...

##.## #..# ##.##
#####..# #.....## ##
##.##### #. ##..# #.
#..## #####. #@##
#####..... ###l#
###.....#...
#...#####...#####...
#.###..)..### #...
#..l[.##### #...
####### #... #...
#### #


You could see a leopard gecko.

Vanquished Creatures
  An adder (D:2)
  A ball python (D:2)
  2 giant cockroaches
  3 goblins
  3 hobgoblins
  2 bats
  A frilled lizard (D:1)
  4 kobolds
  3 rats (D:1)
20 creatures vanquished.

Notes
Turn   | Place    | Note
-------+----------+-------------------------------------------
     0 | D:1      | 4thArraOfDagon the Barachi Fire Elementalist began the quest for the Orb.
     0 | D:1      | Reached XP level 1. HP: 13/13 MP: 3/3
    89 | D:1      | Reached XP level 2. HP: 5/19 MP: 0/5
   306 | D:2      | Reached XP level 3. HP: 11/24 MP: 2/6
   311 | D:2      | Learned a level 3 spell: Conjure Flame
   361 | D:2      | Slain by a leopard gecko

Vault maps used:
D:1:      grunt_arrival_crossed_arrows, minmay_liquid_box
D:2:      minmay_tromino_v4_a

Skill      XL: |  1  2 |
---------------+-------+-----
Conjurations   | 2 |  2.2
Dodging        | |  2.1
Stealth        | |  1.7
Spellcasting   | |  2.5
Fire Magic     | |  3.8

Action                   || total
-------------------------++-------
Melee: Unarmed           ||    12
 Cast: Flame Tongue      ||    33
 Abil: Hop               ||     2
  Use: Potion            ||     1
Armor: Robe              ||     7
Dodge: Dodged            ||    23

Table legend:
 A = Spawn XP
 B = Non-spawn XP
 C = Spawn XP percentage of total XP
 D = Spawn monster count
 E = Non-spawn monster count
 F = Spawn count percentage of total count
 G = Total turns spent on level
                    A         B        C        D         E        F      G
               +---------+---------+-------+---------+---------+-------+---------
         Total |       0 |      40 |   0.0 |       0 |      20 |   0.0 |   361
               +---------+---------+-------+---------+---------+-------+---------
           D:1 |       0 |      17 |   0.0 |       0 |      13 |   0.0 |   229
           D:2 |       0 |      23 |   0.0 |       0 |       7 |   0.0 |   132
               +---------+---------+-------+---------+---------+-------+---------
